[Event "FIDE World Cadets GU12 2022"]
[Site "Batumi"]
[Date "2022.09.18"]
[Round "3.1"]
[White "Aydogan, Arya"]
[Black "Preobrazhenskaya, Diana"]
[Result "1-0"]
[ECO "B51"]
[WhiteElo "1489"]
[BlackElo "1994"]
[Annotator "TA"]
[PlyCount "81"]
[EventDate "2022.09.16"]
[EventType "swiss"]
[EventCountry "GEO"]
[SourceTitle "playchess.com"]
[Source "ChessBase"]
[SourceQuality "1"]
[TimeControl "5400+30"]

1. e4 c5 2. Nf3 d6 3. Bb5+ Nd7 4. O-O a6 5. Bd3 Ngf6 6. c3 {B51: Sicilian: Moscow Variation (3 Bb5+) without 3...Bd7.} b5 7. Bc2 c4 8. b3 {White is slightly better.} Bb7 9. Qe2 Qc7 10. d4 (10. bxc4 $14 bxc4 11. Na3) 10... cxd3 $1 $15 11. Bxd3 Nc5 12. Nbd2 e5 {[#]} 13. Ba3 $146 ({Predecessor:} 13. Bb2 Be7 14. Rac1 O-O 15. c4 b4 16. Ne1 Qc6 17. Nc2 a5 18. Ne3 a4 19. Nd5 Nxd5 20. cxd5 {0-1 (62) Bauyrzhan,A (2075)-Song,Y (2292) New Delhi 2019}) 13... Ne6 14. Rfc1 Nf4 15. Qf1 g5 ({Black should try} 15... d5 $15 16. Bxf8 Kxf8 17. exd5 Re8) 16. c4 (16. Nxg5 $2 Rg8 17. h4 h6 $19) 16... Qd7 (16... g4 $11 17. cxb5 Qa5) 17. cxb5 (17. Nxg5 $2 Rg8 18. Ndf3 h6 19. cxb5 Nxd3 20. Qxd3 axb5 $19) 17... Nxd3 18. Qxd3 {[%emt 1:15:30] b6 is the strong threat.} axb5 19. Bb4 Be7 $1 20. Rc2 {[%emt 0:03:30] White is more active.} (20. Nxg5 Rg8 21. Ngf3 Nh5 $11) (20. a4 $5) 20... g4 (20... h6 $14) 21. Nh4 $1 $16 Nh5 {[%emt 0:04:04] And now ...Nf4 would win.} 22. Nf5 Nf4 {[%emt 0:01:02] [#]} 23. Qe3 ({Don't go for} 23. Nxd6+ $2 Kf8 24. Qf1 Bxd6 $19) 23... O-O 24. Qb6 (24. h3 $16) 24... Bg5 $2 {[%emt 0:00:42][%mdl 8192] [#] Loses the game.} (24... Rac8 $14 25. Nxe7+ (25. Bxd6 Bg5 $11) 25... Qxe7 26. Rxc8 (26. Bxd6 Qd8 $14) 26... Rxc8) 25. Rc7 $1 $18 {[%emt 0:02:22] White is clearly winning.} Qe6 26. Rxb7 Nd3 27. Qxb5 Nxb4 28. Qxb4 Rfc8 29. Nc4 d5 30. Rb6 Rc6 31. Rxc6 Qxc6 32. Qd6 Qe8 33. Qxd5 {[%emt 0:00:40] Strongly threatening Ncd6.} Rd8 34. Qxe5 Qxe5 35. Nxe5 {[%emt 0:00:30] Pair of Knights!} Bf6 36. Nh6+ Kg7 37. Nhxg4 Re8 38. Nxf6 Kxf6 39. Nf3 Rxe4 40. h3 Rb4 41. Kf1 {[%emt 0:00:00] Weighted Error Value: White=0.18 (very precise) /Black=0.46} 1-0

[Event "FIDE World Cadets GU12 2022"]
[Site "Batumi"]
[Date "2022.09.18"]
[Round "3.2"]
[White "Imomkuzieva, Nilufarkhon"]
[Black "Kaliakhmet, Elnaz"]
[Result "0-1"]
[ECO "B40"]
[WhiteElo "1481"]
[BlackElo "1864"]
[Annotator "NA COMBH"]
[PlyCount "52"]
[EventDate "2022.09.16"]
[EventType "swiss"]
[EventCountry "GEO"]
[SourceTitle "playchess.com"]
[Source "ChessBase"]
[SourceQuality "1"]
[TimeControl "5400+30"]

1. e4 c5 2. Nf3 e6 3. Nc3 a6 4. h3 b5 5. d4 cxd4 6. Nxd4 Bb7 7. a3 Qc7 8. g4 b4 9. axb4 Bxb4 10. Qd3 d5 11. Bg2 dxe4 12. Bxe4 Bxc3+ 13. bxc3 Qe5 14. f3 Nd7 15. Bf4 Qxf4 16. Bxb7 Rb8 17. Ne2 Qc7 18. Bxa6 Ngf6 19. O-O O-O 20. Qe3 Nd5 21. Qd4 Rfd8 22. Bd3 Nc5 23. Rfd1 Nxd3 24. cxd3 Rb2 25. Qe4 Nxc3 26. Nxc3 Qg3+ 0-1

[Event "FIDE World Cadets GU12 2022"]
[Site "Batumi"]
[Date "2022.09.18"]
[Round "3.3"]
[White "Hariharan, Shambavi"]
[Black "Mgeladze, Kesaria"]
[Result "0-1"]
[ECO "A45"]
[WhiteElo "1465"]
[BlackElo "1771"]
[Annotator "NA COMBH"]
[PlyCount "92"]
[EventDate "2022.09.16"]
[EventType "swiss"]
[EventCountry "GEO"]
[SourceTitle "playchess.com"]
[Source "ChessBase"]
[SourceQuality "1"]
[TimeControl "5400+30"]

1. d4 Nf6 2. Bf4 g6 3. Nc3 d5 4. e3 a6 5. Be2 Bg7 6. h4 h5 7. Nf3 Bg4 8. Ne5 Bxe2 9. Qxe2 Nbd7 10. Qd2 c6 11. Nd3 Ne4 12. Qc1 Nxc3 13. bxc3 O-O 14. Qb2 b5 15. O-O Nb6 16. Qc1 Na4 17. Qd2 Qa5 18. Nb4 Rac8 19. Rfe1 e6 20. Nd3 c5 21. Bd6 Rfd8 22. Be5 Bxe5 23. Nxe5 Qxc3 24. Qd1 cxd4 25. Qf3 Qc7 26. exd4 Qe7 27. Rac1 Kg7 28. g3 Rc3 29. Qd1 Rdc8 30. Re3 Rxe3 31. fxe3 Nc3 32. Qf3 Ne4 33. Kg2 Rc3 34. Qe2 Qc7 35. Qf3 Rxc2+ 36. Rxc2 Qxc2+ 37. Kg1 f6 38. Nd7 Qb1+ 39. Kg2 Qxa2+ 40. Kg1 b4 41. Nc5 Nxc5 42. dxc5 Qb1+ 43. Kh2 Qc2+ 44. Qg2 b3 45. c6 Qxc6 46. Qb2 Qc2+ 0-1

[Event "FIDE World Cadets GU12 2022"]
[Site "Batumi"]
[Date "2022.09.18"]
[Round "3.4"]
[White "Yousefian, Maedeh"]
[Black "Krkyasharyan, Sona"]
[Result "1-0"]
[ECO "B21"]
[WhiteElo "1765"]
[BlackElo "1484"]
[Annotator "NA COMBH"]
[PlyCount "63"]
[EventDate "2022.09.16"]
[EventType "swiss"]
[EventCountry "GEO"]
[SourceTitle "playchess.com"]
[Source "ChessBase"]
[SourceQuality "1"]
[TimeControl "5400+30"]

1. e4 c5 2. d4 cxd4 3. c3 dxc3 4. Nxc3 Nc6 5. Nf3 g6 6. Bc4 Bg7 7. O-O Nf6 8. e5 Ng8 9. Bf4 e6 10. Ne4 Nge7 11. Nd6+ Kf8 12. Ng5 Qc7 13. Ngxf7 Rg8 14. Bh6 Nf5 15. Bf4 Nxd6 16. exd6 Qa5 17. Ng5 Qf5 18. Be3 h6 19. g4 Qe5 20. Qf3+ Bf6 21. Nh7+ Kg7 22. Nxf6 Qxf6 23. Bxh6+ Kf7 24. Qxf6+ Kxf6 25. f4 b6 26. g5+ Kf7 27. f5 gxf5 28. Rxf5+ Kg6 29. Rf6+ Kh7 30. Bd3+ Kh8 31. Rf7 Re8 32. Raf1 1-0

[Event "FIDE World Cadets GU12 2022"]
[Site "Batumi"]
[Date "2022.09.18"]
[Round "3.5"]
[White "Kholyavko, Mariya"]
[Black "Shubhi Gupta"]
[Result "0-1"]
[ECO "C47"]
[WhiteElo "1421"]
[BlackElo "1733"]
[Annotator "NA COMBH"]
[PlyCount "52"]
[EventDate "2022.09.16"]
[EventType "swiss"]
[EventCountry "GEO"]
[SourceTitle "playchess.com"]
[Source "ChessBase"]
[SourceQuality "1"]
[TimeControl "5400+30"]

1. e4 e5 2. Nf3 Nc6 3. d4 exd4 4. Nxd4 Bc5 5. Nxc6 bxc6 6. Bd3 d6 7. Nc3 Nf6 8. O-O O-O 9. Na4 Bb6 10. c4 Bd4 11. Bc2 c5 12. Nc3 c6 13. Bg5 h6 14. Bh4 Rb8 15. Rb1 Be6 16. Qd3 Re8 17. b3 Be5 18. f4 Bd4+ 19. Kh1 Bf5 20. Rbe1 Nxe4 21. Nxe4 Qxh4 22. Qf3 d5 23. g3 Qg4 24. Qxg4 Bxg4 25. Nd2 Rxe1 26. Rxe1 Bc3 0-1

[Event "FIDE World Cadets GU12 2022"]
[Site "Batumi"]
[Date "2022.09.18"]
[Round "3.6"]
[White "Zhumagali, Raian"]
[Black "Merkulova, Victoria"]
[Result "0-1"]
[ECO "B78"]
[WhiteElo "1278"]
[BlackElo "1715"]
[Annotator "NA COMBH"]
[PlyCount "42"]
[EventDate "2022.09.16"]
[EventType "swiss"]
[EventCountry "GEO"]
[SourceTitle "playchess.com"]
[Source "ChessBase"]
[SourceQuality "1"]
[TimeControl "5400+30"]

1. e4 c5 2. Nf3 d6 3. d4 cxd4 4. Nxd4 Nf6 5. Nc3 g6 6. Be3 Bg7 7. Bc4 O-O 8. f3 Nc6 9. Qd2 Bd7 10. O-O-O Rb8 11. Nxc6 bxc6 12. Bxa7 Rb4 13. Be2 Qa5 14. Be3 Rxb2 15. Qd3 Nxe4 16. fxe4 Bxc3 17. Rdf1 Rb1+ 18. Kxb1 Rb8+ 19. Qb5 Rxb5+ 20. Bxb5 Qa3 21. Bc1 Qb4+ 0-1

[Event "FIDE World Cadets GU12 2022"]
[Site "Batumi"]
[Date "2022.09.18"]
[Round "3.7"]
[White "Huseynova, Lala"]
[Black "Abramkina, Veranika"]
[Result "1/2-1/2"]
[ECO "B15"]
[WhiteElo "1702"]
[BlackElo "1445"]
[Annotator "NA COMBH"]
[PlyCount "247"]
[EventDate "2022.09.16"]
[EventType "swiss"]
[EventCountry "GEO"]
[SourceTitle "playchess.com"]
[Source "ChessBase"]
[SourceQuality "1"]
[TimeControl "5400+30"]

1. e4 g6 2. d4 Bg7 3. Nc3 c6 4. Nf3 d5 5. h3 dxe4 6. Nxe4 Nd7 7. Bc4 Ngf6 8. Nxf6+ Nxf6 9. O-O O-O 10. Bf4 Bf5 11. Qe2 Be4 12. c3 Bxf3 13. Qxf3 Qb6 14. Rfe1 e6 15. a4 a5 16. h4 h5 17. Bd6 Rfe8 18. Qg3 Qxb2 19. Rab1 Qc2 20. Rxb7 Qd2 21. Qe3 Bh6 22. f4 Qxe3+ 23. Rxe3 Nd5 24. Bxd5 cxd5 25. Re1 Rec8 26. Rc7 Bf8 27. Be5 Rcb8 28. Rc1 Bg7 29. Bd6 Rb2 30. Ra1 Rc2 31. Kf1 Ra6 32. Ba3 Bxd4 33. Rc8+ Kg7 34. Rb1 Rxc3 35. Bf8+ Kf6 36. Rd8 Rb6 37. Rd1 Be3 38. Bh6 Rc1 39. Rxc1 Bxc1 40. Ra8 Bd2 41. Bg5+ Kg7 42. Bd8 Rb1+ 43. Ke2 Rb2 44. Kd3 Bxf4 45. Bxa5 e5 46. Bc3 Rxg2 47. a5 Rg3+ 48. Kc2 d4 49. Bb4 d3+ 50. Kb2 Rg2+ 51. Kb3 Rg1 52. Rd8 d2 53. Bxd2 Bxd2 54. Rxd2 Ra1 55. Ra2 Rb1+ 56. Kc4 f5 57. a6 Rb8 58. a7 Ra8 59. Kb5 g5 60. hxg5 Kg6 61. Kb6 Kxg5 62. Kb7 Rxa7+ 63. Kxa7 Kg4 64. Kb6 f4 65. Kc5 Kg3 66. Kc4 f3 67. Kd3 h4 68. Ke3 h3 69. Ra8 h2 70. Rg8+ Kh3 71. Kf2 h1=N+ 72. Kxf3 e4+ 73. Kxe4 Ng3+ 74. Kf3 Nh5 75. Rg4 Nf6 76. Ra4 Nh5 77. Ra1 Kh4 78. Ra5 Nf6 79. Rf5 Nh5 80. Rb5 Nf6 81. Ra5 Nh5 82. Rf5 Ng7 83. Rf7 Nh5 84. Rf5 Ng7 85. Re5 Nh5 86. Kg2 Kg4 87. Re4+ Nf4+ 88. Kf2 Kf5 89. Kf3 Ng6 90. Ra4 Ne5+ 91. Ke3 Ng4+ 92. Kf3 Ne5+ 93. Kg3 Ng6 94. Ra5+ Ne5 95. Rb5 Ke4 96. Kf2 Nd3+ 97. Ke2 Nf4+ 98. Kd2 Nd5 99. Ra5 Kd4 100. Ra4+ Ke5 101. Kd3 Nf4+ 102. Kc4 Ke4 103. Ra8 Ng6 104. Re8+ Ne5+ 105. Kc5 Kf4 106. Kd5 Nf3 107. Re2 Ng5 108. Kd4 Nf3+ 109. Kd5 Ng5 110. Re8 Nf3 111. Rf8+ Ke3 112. Rf5 Nd2 113. Re5+ Kf4 114. Re1 Nf3 115. Re2 Ng5 116. Kd4 Nf3+ 117. Kd5 Ng5 118. Ra2 Nf3 119. Ra3 Ng5 120. Ra4+ Kf5 121. Rh4 Nf3 122. Rh1 Kf4 123. Rf1 Ke3 124. Ke6 1/2-1/2

[Event "FIDE World Cadets GU12 2022"]
[Site "Batumi"]
[Date "2022.09.18"]
[Round "3.8"]
[White "Maklakova, Naomi"]
[Black "Altynbek, Aiaru"]
[Result "1/2-1/2"]
[ECO "D02"]
[WhiteElo "1635"]
[BlackElo "1373"]
[Annotator "NA COMBH"]
[PlyCount "95"]
[EventDate "2022.09.16"]
[EventType "swiss"]
[EventCountry "GEO"]
[SourceTitle "playchess.com"]
[Source "ChessBase"]
[SourceQuality "1"]
[TimeControl "5400+30"]

1. d4 d5 2. Nf3 Nf6 3. c3 c5 4. dxc5 a5 5. e3 Qc7 6. b4 Bg4 7. Bb2 Nc6 8. a3 Rd8 9. Nbd2 e5 10. Be2 Be7 11. O-O O-O 12. Re1 Rfe8 13. h3 Bh5 14. Qb3 Rd7 15. Nf1 Red8 16. Ng3 Bg6 17. Bb5 Nh5 18. Nf1 Nf6 19. Ba4 axb4 20. cxb4 d4 21. Bxc6 bxc6 22. exd4 e4 23. Ne5 Rd5 24. Ne3 Rxe5 25. dxe5 Nh5 26. Rad1 Rb8 27. Qc3 Qc8 28. a4 Nf4 29. Ng4 h5 30. Nh2 Nd3 31. Re3 Rxb4 32. Rexd3 Rxb2 33. Qxb2 exd3 34. Qb6 Bd8 35. Qa7 Bc7 36. Nf3 Be4 37. Ng5 Bg6 38. e6 fxe6 39. Nxe6 Qxe6 40. Qxc7 Qe2 41. Qb8+ Kh7 42. Qb3 d2 43. Qf3 Qe1+ 44. Kh2 Bc2 45. Qxh5+ Kg8 46. Rxd2 Qxd2 47. Qe8+ Kh7 48. Qxc6 1/2-1/2

[Event "FIDE World Cadets GU12 2022"]
[Site "Batumi"]
[Date "2022.09.18"]
[Round "3.9"]
[White "Gan, Emily Cathay"]
[Black "Semenova, Vasilisa"]
[Result "1/2-1/2"]
[ECO "A17"]
[WhiteElo "1550"]
[BlackElo "1332"]
[Annotator "NA COMBH"]
[PlyCount "70"]
[EventDate "2022.09.16"]
[EventType "swiss"]
[EventCountry "GEO"]
[SourceTitle "playchess.com"]
[Source "ChessBase"]
[SourceQuality "1"]
[TimeControl "5400+30"]

1. c4 e6 2. Nc3 d5 3. d4 c6 4. cxd5 exd5 5. Nf3 Bf5 6. g3 Nd7 7. Bg2 Bd6 8. O-O Ngf6 9. Ne1 O-O 10. f3 Re8 11. Nc2 Qb6 12. e3 Bxc2 13. Qxc2 c5 14. Qf2 cxd4 15. exd4 h6 16. Be3 Rac8 17. Rac1 Bb4 18. Bd2 Bxc3 19. Bxc3 Qa6 20. Qc2 Qxa2 21. Ra1 Qc4 22. Rxa7 Qxd4+ 23. Bxd4 Rxc2 24. Rxb7 Ree2 25. Rf2 Rxf2 26. Bxf2 Rc1+ 27. Bf1 Kf8 28. b4 Rd1 29. Rc7 d4 30. Kg2 d3 31. Rc3 d2 32. Rd3 Rb1 33. Rxd2 Rxb4 34. Bd3 g6 35. Be3 Kg7 1/2-1/2

[Event "FIDE World Cadets GU12 2022"]
[Site "Batumi"]
[Date "2022.09.18"]
[Round "3.14"]
[White "Kush, Agniya"]
[Black "Goriachkina, Oksana"]
[Result "0-1"]
[ECO "D20"]
[WhiteElo "1131"]
[BlackElo "1748"]
[Annotator "NA COMBH"]
[PlyCount "62"]
[EventDate "2022.09.16"]
[EventType "swiss"]
[EventCountry "GEO"]
[SourceTitle "playchess.com"]
[Source "ChessBase"]
[SourceQuality "1"]
[TimeControl "5400+30"]

1. d4 d5 2. c4 dxc4 3. e4 Nf6 4. e5 Nd5 5. Bxc4 Nb6 6. Bd3 Nc6 7. Ne2 Bg4 8. f3 Bh5 9. Nbc3 e6 10. Be4 Qd7 11. O-O Rb8 12. Be3 Bg6 13. a3 Ne7 14. Rc1 c6 15. Qc2 Ned5 16. Bf2 Be7 17. b4 Bg5 18. Rcd1 Nc4 19. Nxd5 cxd5 20. Bxg6 hxg6 21. f4 Be7 22. Qb3 O-O 23. Rd3 Rfc8 24. Rfd1 a5 25. Nc3 axb4 26. axb4 Ra8 27. Be1 Ra3 28. Qb1 Rca8 29. Qc2 Bxb4 30. Nxd5 Qxd5 31. Bxb4 Ra2 0-1

[Event "FIDE World Cadets GU12 2022"]
[Site "Batumi"]
[Date "2022.09.18"]
[Round "3.15"]
[White "Ismayilova, Khanim"]
[Black "Silva, Juliana Figueira The"]
[Result "1-0"]
[ECO "A24"]
[WhiteElo "1901"]
[BlackElo "1328"]
[Annotator "TA"]
[PlyCount "85"]
[EventDate "2022.09.16"]
[EventType "swiss"]
[EventCountry "GEO"]
[SourceTitle "playchess.com"]
[Source "ChessBase"]
[SourceQuality "1"]
[TimeControl "5400+30"]

1. c4 Nf6 2. Nc3 g6 3. e4 d6 4. g3 Bg7 5. Bg2 O-O 6. Nge2 e5 7. O-O Nbd7 8. d3 Ne8 {A24: English Opening vs King's Indian: Lines without ...Nc6.} 9. Be3 f5 10. exf5 gxf5 {[#] White is better.} 11. Qd2 $146 ({Predecessor:} 11. f4 Ndf6 12. h3 c6 13. a4 Nh5 14. Kh2 Nef6 15. b4 e4 16. Rc1 d5 17. cxd5 cxd5 {0-1 (41) Barche,U-Gula,J (1586) Solingen 2014}) 11... c6 12. Bh6 Qf6 13. Bxg7 Qxg7 14. d4 Nb6 15. c5 exd4 16. Nxd4 dxc5 17. Nde2 Nc7 18. Nf4 Ne6 19. Nxe6 (19. Nce2 $14) 19... Bxe6 $11 20. Qd6 Bf7 21. Qxc5 Nc4 22. Rad1 {Rd7 is the strong threat.} Nxb2 (22... b6 $5 23. Qxc6 Nxb2 $11) 23. Rd7 Nc4 24. Ne2 {[%cal Bc3e2,Be2f4,Bf4h5,Bh5f6][%mdl 1056] White has compensation.} (24. Qxf5 Qxc3 25. Rxb7 Nd6 26. Qg5+ Qg7 27. Qxg7+ Kxg7 $17) 24... Rfe8 25. Nf4 Re5 26. Qb4 {White is much more active.} Rb5 27. Qe7 {[%emt 1:21:00][%cal Of4h5] aiming for Nh5!} Re8 28. Qh4 Qg4 {[%emt 0:03:30] [#] Against Nh5. Strongly threatening ...Qxh4.} 29. Qf6 (29. Qh6 Ne5 30. Rc7 Qg7 31. Qxg7+ Kxg7 $11) 29... Qg7 {[%emt 0:00:30] This move loses the game for Black.} (29... Ne5 $16 30. Re7 (30. Rc7 Qg7 $16) 30... Rxe7 31. Qxe7 Ng6 32. Qd8+ Nf8) 30. Nh5 $1 $40 {[%emt 0:00:48][%csl Gh5][%cal Rf6g7][%mdl 128] White has strong attack. Really sharp!} Qf8 {[%emt 0:02:30] [#]} (30... Qg6) 31. Qg5+ $1 ({Inferior is} 31. Nf4 Ne5 32. Rc7 Bg6 33. Qxf8+ Kxf8 $17) 31... Kh8 32. Nf6 ({Don't do} 32. Qf6+ Kg8 $18) 32... Rc8 {[%emt 0:06:09] [#]} (32... Ne5 $142) 33. Qh5 $3 Kg7 34. Nxh7 Qe8 35. Rfd1 {[%emt 0:01:39][%cal Bf1d1,Bd1d6,Bd6d4,Bd4f4][%mdl 32] Intending Ng5 and mate.} Ne5 {[%emt 0:01:35] [#]} 36. Nf6 $1 Kxf6 (36... Qe6 37. Qg5+) 37. Qh6+ Ng6 38. R1d6+ Be6 39. Qg7+ {[%emt 0:00:30] White mates.} Kg5 40. h4+ Kg4 41. Rd4+ f4 42. Rxf4+ Kh5 43. Qh7# {[%emt 0:00:30] Weighted Error Value: White=0.07 (flawless) /Black=0.43} 1-0

[Event "FIDE World Cadets GU12 2022"]
[Site "Batumi"]
[Date "2022.09.18"]
[Round "3.16"]
[White "Aravindakshan, Sahana"]
[Black "Sordia, Marta"]
[Result "1-0"]
[ECO "D26"]
[WhiteElo "1776"]
[BlackElo "1363"]
[Annotator "NA COMBH"]
[PlyCount "60"]
[EventDate "2022.09.16"]
[EventType "swiss"]
[EventCountry "GEO"]
[SourceTitle "playchess.com"]
[Source "ChessBase"]
[SourceQuality "1"]
[TimeControl "5400+30"]

1. d4 d5 2. c4 dxc4 3. e3 Nf6 4. Bxc4 e6 5. Nf3 Be7 6. O-O O-O 7. Nc3 Nbd7 8. Re1 c5 9. Qc2 cxd4 10. exd4 Nb6 11. Bd3 Nbd5 12. Nxd5 Qxd5 13. Bf4 Bd7 14. Be5 Rac8 15. Qd2 Bb5 16. Bc2 h6 17. Bf4 Bd6 18. Be5 Bxe5 19. Rxe5 Qd7 20. Re3 Rfd8 21. Rd1 Nd5 22. Ra3 Qc7 23. Rc1 Qf4 24. Qe1 Nb4 25. Rc3 Nxa2 26. Rxc8 Rxc8 27. Bh7+ Kxh7 28. Rxc8 Bc6 29. Ne5 Qxd4 30. Nxf7 Qe4 1-0

[Event "FIDE World Cadets GU12 2022"]
[Site "Batumi"]
[Date "2022.09.18"]
[Round "3.17"]
[White "Garcia Rodriguez, Laia"]
[Black "Danielyan, Lilia"]
[Result "1-0"]
[ECO "B26"]
[WhiteElo "1742"]
[BlackElo "1299"]
[Annotator "NA COMBH"]
[PlyCount "81"]
[EventDate "2022.09.16"]
[EventType "swiss"]
[EventCountry "GEO"]
[SourceTitle "playchess.com"]
[Source "ChessBase"]
[SourceQuality "1"]
[TimeControl "5400+30"]

1. e4 c5 2. Nc3 Nc6 3. g3 d6 4. Bg2 g6 5. d3 Bg7 6. Be3 a6 7. a4 Rb8 8. Qd2 Nd4 9. Nge2 Bh3 10. Bxd4 cxd4 11. Bxh3 dxc3 12. Nxc3 Qb6 13. Rb1 e6 14. O-O Ne7 15. Nd1 Nc6 16. Ne3 Nd4 17. Bg2 Rc8 18. Nc4 Qd8 19. Rbe1 O-O 20. c3 Nc6 21. f4 d5 22. exd5 exd5 23. Ne5 Nxe5 24. fxe5 d4 25. c4 Qd7 26. a5 Rfe8 27. Bd5 Rxe5 28. Rxe5 Bxe5 29. Rxf7 Qxd5 30. cxd5 Kxf7 31. Qh6 Bg7 32. Qf4+ Bf6 33. Qd6 Rc1+ 34. Kg2 Rc2+ 35. Kh3 h5 36. Qe6+ Kg7 37. g4 hxg4+ 38. Kxg4 Rg2+ 39. Kf3 Rxh2 40. d6 Rh3+ 41. Qxh3 1-0

[Event "FIDE World Cadets GU12 2022"]
[Site "Batumi"]
[Date "2022.09.18"]
[Round "3.19"]
[White "Alfano, Emilie"]
[Black "Kong, Emma Zihan"]
[Result "1-0"]
[ECO "B51"]
[WhiteElo "1712"]
[BlackElo "1270"]
[Annotator "NA COMBH"]
[PlyCount "91"]
[EventDate "2022.09.16"]
[EventType "swiss"]
[EventCountry "GEO"]
[SourceTitle "playchess.com"]
[Source "ChessBase"]
[SourceQuality "1"]
[TimeControl "5400+30"]

1. e4 c5 2. Nf3 d6 3. Bb5+ Nd7 4. Ba4 e5 5. O-O Ngf6 6. Re1 Be7 7. c3 a6 8. d4 b5 9. Bc2 O-O 10. Nbd2 Bb7 11. Nf1 Qc7 12. Ng3 Rfe8 13. Nf5 cxd4 14. cxd4 Rac8 15. Re2 exd4 16. N3xd4 Bf8 17. f3 d5 18. exd5 Rxe2 19. Qxe2 g6 20. Nh6+ Bxh6 21. Bxh6 Qc5 22. Qd2 Bxd5 23. Kh1 Bb7 24. Bb3 Qh5 25. Re1 Qc5 26. Qe3 Bd5 27. Qd2 Bxb3 28. Nxb3 Qc2 29. Rc1 Qxc1+ 30. Nxc1 Re8 31. Kg1 Re6 32. Kf2 Kh8 33. Nd3 Rd6 34. Qc3 Re6 35. Nf4 Re5 36. Qc8+ Re8 37. Qxa6 b4 38. g4 Ng8 39. Bg5 f6 40. Qd6 fxg5 41. Qxd7 Nf6 42. Qf7 gxf4 43. Qxf6+ Kg8 44. Qxf4 Rc8 45. Qe4 Kf7 46. Qb7+ 1-0

[Event "FIDE World Cadets GU12 2022"]
[Site "Batumi"]
[Date "2022.09.18"]
[Round "3.20"]
[White "Tynyshtyk, Diana"]
[Black "Haasova, Timea"]
[Result "1/2-1/2"]
[ECO "C04"]
[WhiteElo "1373"]
[BlackElo "1707"]
[Annotator "NA COMBH"]
[PlyCount "119"]
[EventDate "2022.09.16"]
[EventType "swiss"]
[EventCountry "GEO"]
[SourceTitle "playchess.com"]
[Source "ChessBase"]
[SourceQuality "1"]
[TimeControl "5400+30"]

1. e4 e6 2. d4 d5 3. Nd2 Nc6 4. Ngf3 Nf6 5. e5 Nd7 6. Bb5 f6 7. exf6 Qxf6 8. Nf1 h6 9. Ng3 Bd6 10. O-O O-O 11. c3 a6 12. Ba4 Nb6 13. Bc2 Ne7 14. Nh5 Qf7 15. Ne5 Bxe5 16. dxe5 Bd7 17. Be3 Bb5 18. Re1 Nc4 19. Bc5 Nxb2 20. Qg4 Nd3 21. Bxe7 Qxf2+ 22. Kh1 Qxe1+ 23. Rxe1 Nf2+ 24. Kg1 Nxg4 25. Bxf8 Rxf8 26. a4 Bc4 27. h3 Nf2 28. Re3 Nd1 29. Rg3 Rf1+ 30. Kh2 g5 31. Bxd1 Rxd1 32. h4 Kh7 33. Rf3 Rf1 34. Nf6+ Kh8 35. Rxf1 Bxf1 36. hxg5 hxg5 37. Ne8 c5 38. Nd6 d4 39. cxd4 cxd4 40. Kg1 Be2 41. Kf2 d3 42. a5 g4 43. Nxb7 g3+ 44. Ke1 Bf3 45. Nc5 Bxg2 46. Nxd3 Bd5 47. Nc5 Bc4 48. Ne4 g2 49. Kf2 Bd5 50. Nc5 Kg7 51. Nxa6 Kf7 52. Nc7 Be4 53. a6 Ke7 54. a7 Kd7 55. a8=Q Bxa8 56. Nxa8 g1=Q+ 57. Kxg1 Kc6 58. Kg2 Kd5 59. Nc7+ Kxe5 60. Nxe6 1/2-1/2